 Dungeon Crawl Stone Soup version 0.20-a0-1122-gb7cbeb9 (webtiles) character file.

334 MenacingMecha the Carver (level 6, -1/47 HPs)
             Began as a Barachi Fighter on May 11, 2017.
             Was an Initiate of Okawaru.
             Slain by Edmund
             ... wielding a +3 dire flail of protection
              (5 damage)
             ... on level 4 of the Dungeon.
             The game lasted 00:09:25 (3144 turns).

MenacingMecha the Carver (Barachi Fighter)          Turns: 3144, Time: 00:09:26

Health: -1/47      AC:  7    Str: 17    XL:     6   Next: 53%
Magic:  6/6        EV: 10    Int:  8    God:    Okawaru [......]
Gold:   151        SH:  0    Dex: 14    Spells: 5/5 levels left

rFire    . . .     SeeInvis .   a - +1 long sword
rCold    . . .     Gourm    .   (no shield)
rNeg     . . .     Faith    .   l - +0 ring mail
rPois    .         Spirit   .   h - +1 helmet
rElec    .         Reflect  .   (no cloak)
rCorr    .         Harm     .   (no gloves)
MR       .....                  (no boots)
Stlth    +.........             (no amulet)
Regen    0.2/turn               (no ring)
MPRegen  0.1/turn               (no ring)

@: can't hop, slow
A: +LOS, swims, slowness 1, strong legs 1
a: Hop, Renounce Religion


You were on level 4 of the Dungeon.
You worshipped Okawaru.
Okawaru was noncommittal.
You were hungry.

You visited 2 branches of the dungeon, and saw 5 of its levels.

You collected 151 gold pieces.

Inventory:

Hand Weapons
 a - a +1 long sword (weapon)
 A - a +1 hand axe of electrocution
   (You took it off an orc on level 4 of the Dungeon)
Missiles
 v - 6 javelins (quivered)
Armour
 c - a +0 shield
 h - a +1 helmet (worn)
   (You found it on level 1 of the Dungeon)
 l - a +0 ring mail (worn)
   (You found it on level 1 of the Dungeon)
 r - a +0 leather armour of fire resistance {rF+}
   (You took it off a hobgoblin on level 2 of the Dungeon)
Magical Staves
 t - an uncursed staff of air {unknown}
   (You found it on level 3 of the Dungeon)
Jewellery
 o - a cursed amulet of inaccuracy {unknown}
   (You found it on level 2 of the Dungeon)
 q - an uncursed amulet of faith {unknown}
   (You found it on level 2 of the Dungeon)
Scrolls
 i - a scroll of identify
 n - 3 scrolls of remove curse
 u - a scroll of recharging
Potions
 d - a potion of might
 e - 4 potions of curing
 j - a potion of flight
 s - a potion of mutation
Comestibles
 b - a fruit
 f - 4 bread rations
 p - 2 meat rations


   Skills:
 - Level 3.6 Fighting
 + Level 8.1 Long Blades
 - Level 3.6 Armour
 - Level 3.2 Shields


You had 5 spell levels left.
You didn't know any spells.

Dungeon Overview and Level Annotations

Branches:
Dungeon (4/15)             Temple (1/1) D:4

Altars:
Ashenzari
Elyvilon
Fedhas
Gozag
Hepliaklqana
Kikubaaqudgha
Makhleb
Nemelex Xobeh
Okawaru
Ru
Vehumet
Wu Jian
Xom
Yredelemnul
Zin

Annotations:
D:4 Edmund


Innate Abilities, Weirdness & Mutations

Shadows flee at your approach. (+LOS)
You can swim through water.
You cover ground slowly.
You can hop short distances.


Message History

Blink to where?
Press: ? - help, Dir - move target cursor You are very lightly contaminated with residual magic.
As you read the scroll labeled BUV KUTANONG, it crumbles to dust.
It was a scroll of blinking.
There is a staircase back to the Dungeon here.
As you read the scroll labeled FICAOJ NELOLA, it crumbles to dust.
It is a scroll of identify.
s - a potion of mutation
As you read the scroll labeled LYEXOPH DIPOPA, it crumbles to dust.
The air around you briefly surges with heat, but it dissipates.
It was a scroll of immolation.
Some of the chunks of flesh in your inventory have rotted away.
As you read the scroll labeled POTEIGG YSIQI, it crumbles to dust.
It is a scroll of enchant weapon.
Your +0 long sword glows red for a moment.
As you read the scroll labeled SYHUEF OWAT, it crumbles to dust.
It is a scroll of enchant armour.
Your +0 helmet glows green for a moment.
As you read the scroll labeled TIHOEZIJUGE, it crumbles to dust.
You feel blessed for a moment.
It was a scroll of remove curse.
It was a potion of lignification.
You turn into a tree.
Your +1 helmet melds into your body.
Your +0 ring mail melds into your body.
Your roots penetrate the ground.
You start waiting.
All of the chunks of flesh in your inventory have rotted away.
Your magical contamination has completely faded away.
You start waiting.
Your transformation is almost over.
You start waiting.
You feel less wooden.
Your +1 helmet unmelds from your body.
Your +0 ring mail unmelds from your body.
It was a potion of flight.
You feel very buoyant.
You fly up into the air.
It was a potion of heal wounds.
You feel much better.
It was a potion of curing.
You feel better.
Okay, then.
You fly upwards.
Welcome back to the Dungeon!
Level annotation: Edmund
There is a staircase to the Ecumenical Temple here.
Edmund says, "People accused me of being a cutpurse!"
Edmund clears his throat.
Edmund hits you with a dire flail of protection!
Edmund closely misses you.
You riposte.
You hit Edmund.
Edmund is lightly wounded.
Hop to where?
Press: ? - help, Dir - move target cursor Boing!
You are starting to lose your buoyancy.
You float gracefully downwards.
There isn't anything here!
You are feeling hungry.
Okay, then.
Okay, then.
You hit Edmund.
Edmund is lightly wounded.
Edmund closely misses you.
You hit Edmund.
Edmund is moderately wounded.
Edmund hits you with a dire flail of protection.
You hit Edmund but do no damage.
Edmund is moderately wounded.
Edmund hits you but does no damage.
You barely miss Edmund.
Edmund is moderately wounded.
Edmund barely misses you.
You hit Edmund but do no damage.
Edmund is moderately wounded.
Edmund hits you with a dire flail of protection.
You hit Edmund.
Edmund is moderately wounded.
Edmund hits you with a dire flail of protection.
You hit Edmund but do no damage.
Edmund is moderately wounded.
Edmund barely misses you.
You hit Edmund but do no damage.
Edmund is moderately wounded.
Edmund says, "A flail is better than a scythe, any day of the week!"
Edmund closely misses you.
You barely miss Edmund.
Edmund is moderately wounded.
Edmund hits you with a dire flail of protection.
You hit Edmund but do no damage.
Edmund is moderately wounded.
Edmund hits you with a dire flail of protection.
You hit Edmund.
Edmund is moderately wounded.
You barely miss Edmund.
Edmund is moderately wounded.
Edmund hits you with a dire flail of protection.
You hit Edmund but do no damage.
Edmund is moderately wounded.
Edmund hits you with a dire flail of protection!
* * * LOW HITPOINT WARNING * * *
Okay, then.
Edmund barely misses you.
Edmund hits you with a dire flail of protection.
You die...

#.#..# #
#!......#
##.#.##.#
#......##
#..(....#
##.###.#
#.#####.#
#. .# #.#
#.# #.#
#.#####.#
#.@@....#
#########


You could see Edmund.

Vanquished Creatures
  5 orc wizards
  Jessica (D:2)
  An iguana (D:4)
  6 adders
  4 worms
  A dart slug (D:1)
  2 leopard geckos
  8 orcs
  10 bats
  5 giant cockroaches
  9 goblins
  6 hobgoblins
  A quokka (D:2)
  2 ball pythons
  4 frilled lizards
  7 kobolds
  5 rats
77 creatures vanquished.

Notes
Turn   | Place    | Note
-------+----------+-------------------------------------------
     0 | D:1      | MenacingMecha the Barachi Fighter began the quest for the Orb.
     0 | D:1      | Reached XP level 1. HP: 18/18 MP: 1/1
   169 | D:1      | Reached skill level 3 in Long Blades
   187 | D:1      | Reached XP level 2. HP: 24/24 MP: 2/2
   794 | D:2      | Reached skill level 4 in Long Blades
   797 | D:2      | Noticed Jessica
   803 | D:2      | Killed Jessica
   803 | D:2      | Reached XP level 3. HP: 28/29 MP: 3/3
   824 | D:2      | Reached skill level 5 in Long Blades
   824 | D:2      | Reached XP level 4. HP: 36/36 MP: 4/4
  1765 | D:3      | Reached skill level 6 in Long Blades
  1765 | D:3      | Reached XP level 5. HP: 41/41 MP: 5/5
  1981 | D:3      | Reached skill level 7 in Long Blades
  1989 | D:3      | Reached XP level 6. HP: 37/47 MP: 6/6
  2400 | D:3      | Found a sacrificial altar of Ru.
  2879 | D:4      | Reached skill level 8 in Long Blades
  2971 | D:4      | Found a staircase to the Ecumenical Temple.
  2974 | D:4      | Noticed Edmund
  2982 | Temple   | Entered the Ecumenical Temple
  3040 | Temple   | Became a worshipper of Warmaster Okawaru
  3137 | D:4      | HP: 3/47 [Edmund/dire flail of protection (14)]
  3144 | D:4      | Slain by Edmund

Vault maps used:
D:1:      ncdulo_wetmaze
D:2:      first_bread, minmay_stone_trees_medium, uniq_jessica
D:3:      nicolae_ru_path_of_blood, small_statue_intersection
D:4:      minmay_temple_entry_grid, uniq_edmund
Temple:   zaba_magenta_temple

Skill      XL: |  1  2  3  4  5  6 |
---------------+-------------------+-----
Long Blades    | 3 4 5 6 7 8 |  8.1
Fighting       | |  3.6
Armour         | |  3.6
Shields        | |  3.2

Action                   |  1- 3 |  4- 6 || total
-------------------------+-------+-------++-------
Melee: Long sword        |    55 |   229 ||   284
Throw: Javelin           |       |     2 ||     2
 Abil: Hop               |       |     1 ||     1
  Use: Scroll            |       |     7 ||     7
       Potion            |       |     4 ||     4
  Eat: Chunk             |       |     8 ||     8
Armor: Scale mail        |    36 |       ||    36
       Ring mail         |    22 |    86 ||   108
Dodge: Dodged            |    28 |    98 ||   126
Block: Shield            |     4 |       ||     4
       Rpst.: Long sword |     8 |    32 ||    40

Vault maps used:
D:1:      ncdulo_wetmaze
D:2:      first_bread, minmay_stone_trees_medium, uniq_jessica
D:3:      nicolae_ru_path_of_blood, small_statue_intersection
D:4:      minmay_temple_entry_grid, uniq_edmund
Temple:   zaba_magenta_temple

Table legend:
 A = Turns spent in this place as a percentage of turns spent in the entire game.
 B = Non-inter-level travel turns spent in this place as a percentage of non-inter-level travel turns spent in the entire game.
 C = Inter-level travel turns spent in this place as a percentage of turns spent in this place.
 D = Turns resting spent in this place as a percentage of non-inter-level travel turns spent in this place.
 E = Turns spent auto-exploring this place as a percentage of non-inter-level travel turns spent in this place.
 F = Non-inter-level travel turns spent in this place divided by the number of levels of this place that you've seen.
                   A       B       C       D       E      F
               +-------+-------+-------+-------+-------+----------------------
         Total | 100.0 | 100.0 |   0.4 |   3.6 |   7.5 | 182.2
       Dungeon |  93.1 |  93.1 |   0.5 |   3.4 |   8.0 | 212.0
        Temple |   6.9 |   6.9 |   0.0 |   6.3 |   0.0 |  63.0
               +-------+-------+-------+-------+-------+----------------------

Table legend:
 A = Kills in this place as a percentage of kills in entire the game.
 B = Kills by you in this place as a percentage of kills by you in the entire game.
 C = Kills by friends in this place as a percentage of kills by friends in the entire game.
 D = Other kills in this place as a percentage of other kills in the entire game.
 E = Experience gained in this place as a percentage of experience gained in the entire game.
 F = Experience gained in this place divided by the number of levels of this place that you have seen.
                   A       B       C       D       E      F
               +-------+-------+-------+-------+-------+----------------------
         Total | 100.0 | 100.0 |  -nan |  -nan | 100.0 |  95.6
       Dungeon | 100.0 | 100.0 |  -nan |  -nan | 100.0 | 119.5
               +-------+-------+-------+-------+-------+----------------------
